 Dungeon Crawl Stone Soup version 0.32-a0-422-g28b100f (webtiles) character file.

Game seed: 11230426698928346906

61 Nithhogg the Covered (level 3, -14/33 HPs)
             Began as a Mountain Dwarf Fighter on Feb 21, 2024.
             Demolished by an ogre
             ... wielding a +0 giant spiked club
              (23 damage)
             ... on level 3 of the Dungeon.
             The game lasted 00:02:10 (1587 turns).

Nithhogg the Covered (Mountain Dwarf Fighter)       Turns: 1587, Time: 00:02:11

Health: -14/33     AC:  7    Str: 20    XL:     3   Next: 83%
Magic:  3/3        EV:  9    Int:  8    God:
Gold:   107        SH:  4    Dex:  9    Spells: 2/2 levels left

rFire   . . .        g - +1 spear (heavy)
rCold   . . .        c - +0 buckler
rNeg    . . .        b - +0 scale mail
rPois   +            (no helmet)
rElec   .            (no cloak)
rCorr   .            (no gloves)
SInv    .            (no boots)
Will    .....        (no amulet) Stlth
                     n - ring of poison resistance
HPRegen 0.25/turn    (no ring)
MPRegen 0.08/turn

%: no passive effects
@: no status effects
A: runic magic, artefact enchanting
a: no special abilities


You were on level 3 of the Dungeon.
You visited 1 branch of the dungeon, and saw 3 of its levels.

You collected 107 gold pieces.

Inventory:

Hand Weapons
 a - a +0 war axe
 g - a +1 heavy spear (weapon)
Missiles
 k - 4 datura-tipped darts (quivered)
 l - 3 poisoned darts
Armour
 b - a +0 scale mail (worn)
 c - a +0 buckler (worn)
Jewellery
 n - a ring of poison resistance (left hand)
Scrolls
 e - 2 scrolls of identify {unknown}
 h - a scroll of teleportation {unknown}
 i - a scroll of immolation {unknown}
 o - a scroll of brand weapon {unknown}
Potions
 d - 3 potions of might
 f - 3 potions of curing {unknown}
 j - a potion of invisibility {unknown}
 m - 2 potions of enlightenment {unknown}
 p - 2 potions of brilliance {unknown}


   Skills:
 + Level 3.8 Fighting
 + Level 3.3 Axes
 + Level 3.9 Armour
 + Level 1.1 Dodging
 - Level 3.2 Shields


You had 2 spell levels left.
You didn't know any spells.
Your spell library was empty.

Dungeon Overview and Level Annotations

Branches:
Dungeon (3/15)

Altars:


Innate Abilities, Weirdness & Mutations

Your spellcasting is much less encumbered by armour.
You can use scrolls of enchantment on lesser artefacts.


Message History

No target in view!
No target in view!
No target in view!
No target in view!
You see here a bat corpse.
You see here a rat corpse.
You open the door.
There is an open door here.
An adder comes into view.
An adder is nearby!
An ogre comes into view. It is wielding a +0 giant spiked club.
You reach to attack!
You hit the ogre.
The ogre is moderately wounded.
The adder bites you but does no damage.
The ogre hits you with a +0 giant spiked club.
The adder bites you but does no damage.
You miss the adder. The adder closely misses you. The adder misses you.
You closely miss the adder. The adder barely misses you.
You block the adder's attack.
You puncture the adder!
The adder is severely wounded.
The adder closely misses you. The adder bites you but does no damage.
You hit the adder.
You kill the adder!
The ogre hits you with a +0 giant spiked club!!
Ouch! That really hurt!
* * * LOW HITPOINT WARNING * * *
You are too injured to fight recklessly!
You are too injured to fight recklessly!
You are too injured to fight recklessly!
You are too injured to fight recklessly!
You are too injured to fight recklessly!
Reach: g) +1 spear (heavy)
Press: ? - help, Dir - move target, f/p - ogre
Aim: an ogre, wielding a +0 giant spiked club (lightly wounded, about 26% to evade your +1 heavy spear)
You reach to attack!
You barely miss the ogre.
The ogre is lightly wounded.
The ogre hits you with a +0 giant spiked club!!
Ouch! That really hurt!
You die...

.# .# .# .# .# .#
#######.#.#...
#####..@O.........
#......####.#.....
#......### .# .#.
#........# .#
#........# .#
#........# .#
#......### ..
#####'## ## #.#


You could see an ogre.

Vanquished Creatures
  An adder (D:3)
  A dart slug (D:2)
  6 bats
  An endoplasm (D:1)
  A giant cockroach (D:1)
  4 goblins
  2 hobgoblins (D:2)
  2 kobolds (D:1)
  2 quokkas (D:2)
  4 ball pythons
  A frilled lizard (D:2)
  4 rats
29 creatures vanquished.

Notes
Turn   | Place    | Note
-------+----------+-------------------------------------------
     0 | D:1      | Nithhogg the Mountain Dwarf Fighter began the quest for the
                  | Orb.
     0 | D:1      | Reached XP level 1. HP: 19/19 MP: 1/1
   248 | D:1      | Reached XP level 2. HP: 26/26 MP: 2/2
   289 | D:1      | Found a faded altar of an unknown god.
   818 | D:2      | Reached XP level 3. HP: 26/33 MP: 3/3
  1082 | D:2      | Reached skill level 1 in Dodging
  1578 | D:3      | Noticed an ogre
  1587 | D:3      | Demolished by an ogre

Illustrated notes

Levels and vault maps discovered:
D:1:      roderic_dead_forest, layout_loops_ring, ebering_ecumenical_altar_hall
D:2:      layout_loops_ring
D:3:      layout_basic

Skill      XL: |  1  2  3 |
---------------+----------+-----
Axes           | 3 |  3.3
Dodging        | 1 |  1.1
Fighting       | |  3.8
Armour         | |  3.9
Shields        | |  3.2

Action                     || total
---------------------------++-------
  Melee: War axe           ||     8
         Spear             ||    72
 Armour: Scale mail        ||    58
  Dodge: Dodged            ||    27
  Block: Buckler           ||    14

Table legend: (Time is in decaauts)
 A = Elapsed time spent in this place.
 B = Non-inter-level travel time spent in this place.
 C = Inter-level travel time spent in this place.
 D = Time resting spent in this place.
 E = Time spent auto-exploring this place.
 F = Levels seen in this place.
 G = Mean time per level.
                   A        B        C        D        E       F      G
               +--------+--------+--------+--------+--------+-----+--------+
         Total |   1629 |   1576 |     53 |      0 |   1340 |   3 |  543.0 |
       Dungeon |   1629 |   1576 |     53 |      0 |   1340 |   3 |  543.0 |
               +--------+--------+--------+--------+--------+-----+--------+

Top non-repeatable levels by time:
     D:1: 741 daAuts
     D:2: 718 daAuts
     D:3: 169 daAuts
